 Dungeon Crawl Stone Soup version 0.25.1-2-g60ff931df9 (webtiles) character file.

Game seed: 2154577381282520823

4984 GreyFruit the Grappler (level 10, -17/96 HPs)
             Began as a Troll Monk on June 27, 2020.
             Was a High Priest of Cheibriados.
             Demolished by a cyclops (30 damage)
             ... on level 9 of the Dungeon on Aug 8, 2020.
             The game lasted 00:20:04 (6750 turns).

GreyFruit the Grappler (Troll Monk)                 Turns: 6750, Time: 00:20:05

Health: -17/96     AC:  7    Str: 37    XL:     10   Next: 29%
Magic:  11/11      EV: 11    Int: 21    God:    Cheibriados [*****.]
Gold:   445        SH: 17    Dex: 26    Spells: 9/9 levels left

rFire    . . .     SeeInvis .     - Unarmed
rCold    . . .     Gourm    +   z - +0 tower shield
rNeg     . . .     Faith    .   a - +0 robe
rPois    .         Spirit   .   (helmet restricted)
rElec    .         Reflect  .   H - +0 cloak (curse)
rCorr    .         Harm     .   (gloves unavailable)
MR       .....                  (boots unavailable)
Stlth    +++.......             o - amulet of regeneration
HPRegen  1.06/turn              (no ring)
MPRegen  0.12/turn              (no ring)

@: lethally poisoned (-17 -> -18), hasted, slow
A: large, unfitting armour, claws 3, fast metabolism 3, gourmand, regeneration
1, shaggy fur 1, tough skin 3
a: Bend Time, Temporal Distortion, Slouch, Step From Time, Renounce Religion


You were on level 9 of the Dungeon.
You worshipped Cheibriados.
Cheibriados was extremely pleased with you.
You were very full.

You visited 2 branches of the dungeon, and saw 10 of its levels.

You collected 445 gold pieces.

Inventory:

Missiles
 v - 3 boomerangs of dispersal (quivered)
 w - 2 javelins
Armour
 a - a +0 robe (worn)
 z - a +0 tower shield (worn)
 H - a cursed +0 cloak (worn)
Jewellery
 o - an amulet of regeneration (around neck)
 I - a +6 ring of strength {unknown}
Wands
 A - a wand of flame (12)
 C - a wand of acid (11)
Scrolls
 c - 4 scrolls of blinking
 h - 2 scrolls of enchant weapon
 i - a scroll of amnesia
 m - 3 scrolls of teleportation {unknown}
 p - a scroll of summoning {unknown}
 q - a scroll of fog {unknown}
 t - 3 scrolls of random uselessness
 u - 9 scrolls of remove curse {unknown}
 x - 2 scrolls of fear {unknown}
 y - 2 scrolls of identify
 B - a scroll of immolation {unknown}
 D - 2 scrolls of silence {unknown}
 E - 2 scrolls of magic mapping {unknown}
 F - 5 scrolls of enchant armour {unknown}
Potions
 d - a potion of haste
 e - a potion of ambrosia
 f - 4 potions of might
 g - 2 potions of heal wounds {unknown}
 j - a potion of mutation {unknown}
 k - 6 potions of curing {unknown}
 l - a potion of resistance {unknown}
 n - a potion of invisibility
 r - 4 potions of flight {unknown}
 s - a potion of lignification {unknown}
 J - 2 potions of cancellation {unknown}
Comestibles
 b - 14 rations


   Skills:
 + Level 5.2 Fighting
 + Level 4.3 Throwing
 - Level 3.3 Armour
 + Level 6.3 Dodging
 - Level 1.9 Stealth
 * Level 2.2 Shields
 + Level 9.1 Unarmed Combat
 - Level 3.8 Invocations


You had 9 spell levels left.
You didn't know any spells.
Your spell library contained the following spells:

 Spells                   Type           Power        Failure   Level  Hunger
 Animate Skeleton         Necr           N/A          95%         1    ##.....
 Pain                     Necr           #...         95%         1    ##.....
 Sandblast                Erth           #.....       95%         1    ##.....
 Passwall                 Tmut/Erth      #.......     99%         2    ###....
 Stone Arrow              Conj/Erth      #.....       100%        3    ####...
 Vampiric Draining        Necr           #.........   100%        3    ####...
 Animate Dead             Necr           N/A          100%        4    #####..
 Petrify                  Tmut/Erth      #.......     100%        4    #####..
 Agony                    Necr           #.......     100%        5    ######.
 Lee's Rapid Deconstruct  Erth           #.........   100%        5    ######.


Dungeon Overview and Level Annotations

Branches:
Dungeon (9/15)             Temple (1/1) D:7
   Lair: D:8-11         Orc: D:9-12

Altars:
Ashenzari
Cheibriados
Dithmenos
Elyvilon
Gozag
Hepliaklqana
Kikubaaqudgha
Makhleb
Nemelex Xobeh
Okawaru
Ru
Sif Muna
Vehumet
Wu Jian
Xom
Yredelemnul
Zin
The Shining One


Innate Abilities, Weirdness & Mutations

You are too large for most types of armour.
You have claws for hands.
Your metabolism is lightning-fast.
You like to eat raw meat.
Your natural rate of healing is unusually fast.
You are covered in fur. (AC +1)
You have extremely tough skin. (AC +3)


Message History

Cheibriados thoroughly appreciates the change of pace.
You feel less invigorated.
You feel less confused.
You feel sick.
Things that are here:
a large rock; a killer bee corpse You feel sick.
The cyclops hits you!!
* * * LOW HITPOINT WARNING * * *
You mangle the cyclops!!
The cyclops is heavily wounded.
You scratch the cyclops.
The cyclops is heavily wounded.
You feel sick. You block the cyclops's attack.
You mangle the cyclops!!
The cyclops is almost dead.
You feel sick.
Your shield prevents you from hitting the cyclops.
The cyclops is almost dead.
The cyclops hits you!!
You die...

.# ... ...C
###########################...#
..............>(@.............#
..............##C............##
...[..........##....##........#
................<............#.
.............................#
............................).#
#########'##......####+##.....#
.....##....#......# .....y
.....##....#......# ......


You could see a cyclops.

Vanquished Creatures
  Pikel (D:6)
  Prince Ribbit (D:6)
  A hippogriff (D:7)
  Eustachio (D:6)
  A yak (D:6)
  A wyvern (D:9)
  A hungry ghost (D:7)
  Menkaure (D:4)
  Edmund (D:4)
  3 orc warriors
  2 slaves (D:6)
  A black bear (D:8)
  4 ogres
  2 centaurs
  A big kobold (D:8)
  3 bullfrogs
  2 scorpions
  9 killer bees (D:9)
  8 wights
  3 howler monkeys
  3 crimson imps
  4 bullfrog zombies
  2 centaur zombies
  4 hounds
  An orc priest (D:3)
  A jelly (D:5)
  4 iguanas
  4 orc wizards
  5 worker ants
  A hound zombie (D:8)
  A hound skeleton (D:5)
  A worker ant zombie (D:8)
  11 gnolls
  13 adders
  A shadow imp (D:8)
  An ooze (D:3)
  An adder zombie (D:5)
  4 adder skeletons
  A worm (D:3)
  A dart slug (D:1)
  5 leopard geckos
  29 orcs
  2 ball pythons (D:4)
  5 giant cockroaches
  6 goblins
  10 hobgoblins
  10 jackals
  3 quokkas
  4 bats
  A frilled lizard (D:2)
  A jackal zombie (D:8)
  17 kobolds
  2 leopard gecko skeletons
  A leopard gecko zombie (D:7)
  A quokka skeleton (D:6)
  6 rats
214 creatures vanquished.

Notes
Turn   | Place    | Note
-------+----------+-------------------------------------------
     0 | D:1      | GreyFruit the Troll Monk began the quest for the Orb.
     0 | D:1      | Reached XP level 1. HP: 22/22 MP: 0/0
    60 | D:1      | Upgraded the game from 0.25.0-11-g1f837a76a1 to
                  | 0.25.1-2-g60ff931df9
   138 | D:1      | Reached XP level 2. HP: 29/29 MP: 1/1
   572 | D:2      | Reached XP level 3. HP: 32/36 MP: 2/2
  1009 | D:3      | Reached skill level 4 in Unarmed Combat
  1018 | D:3      | Reached XP level 4. HP: 32/44 MP: 3/3
  1179 | D:3      | Reached XP level 5. HP: 50/50 MP: 4/4
  1264 | D:3      | Reached skill level 5 in Unarmed Combat
  1620 | D:3      | Found a snail-covered altar of Cheibriados.
  1622 | D:3      | Found a shimmering blue altar of Sif Muna.
  1622 | D:3      | Found a sacrificial altar of Ru.
  1622 | D:3      | Found an iron altar of Okawaru.
  1632 | D:3      | Found a shimmering altar of Xom.
  1632 | D:3      | Found a white marble altar of Elyvilon.
  1643 | D:3      | Became a worshipper of Cheibriados the Contemplative
  1643 | D:3      | Reached * piety under Cheibriados
  1643 | D:3      | Reached ** piety under Cheibriados
  1665 | D:4      | Found a basalt altar of Yredelemnul.
  1757 | D:4      | Noticed an ogre
  1768 | D:4      | Killed an ogre
  1768 | D:4      | Reached XP level 6. HP: 41/59 MP: 5/5
  1963 | D:4      | Noticed Edmund
  1998 | D:4      | Killed Edmund
  1998 | D:4      | Reached skill level 6 in Unarmed Combat
  2143 | D:4      | Found a glowing silver altar of Zin.
  2354 | D:4      | You fall into a shaft and drop 1 floor!
  2354 | D:5      | Entered Level 5 of the Dungeon
  2364 | D:5      | Reached XP level 7. HP: 53/67 MP: 6/6
  2461 | D:5      | Reached *** piety under Cheibriados
  2478 | D:5      | Reached skill level 7 in Unarmed Combat
  2511 | D:5      | Reached XP level 8. HP: 64/75 MP: 7/7
  2991 | D:4      | Noticed Menkaure
  2997 | D:4      | Killed Menkaure
  3025 | D:4      | Reached **** piety under Cheibriados
  3305 | D:6      | Found an opulent altar of Gozag.
  3351 | D:6      | Reached skill level 1 in Throwing
  3351 | D:6      | Reached skill level 5 in Dodging
  3424 | D:6      | Reached skill level 1 in Invocations
  3448 | D:6      | Noticed Prince Ribbit
  3457 | D:6      | Killed Prince Ribbit
  3457 | D:6      | Reached skill level 1 in Armour
  3467 | D:6      | Reached skill level 8 in Unarmed Combat
  3939 | D:6      | Noticed Pikel
  3971 | D:6      | Killed Pikel
  3971 | D:6      | Reached XP level 9. HP: 38/84 MP: 8/10
  4027 | D:6      | Noticed Eustachio
  4034 | D:6      | Killed Eustachio
  4371 | D:7      | Found a staircase to the Ecumenical Temple.
  4693 | D:7      | Reached ***** piety under Cheibriados
  5183 | Temple   | Entered the Ecumenical Temple
  5537 | D:8      | Reached XP level 10. HP: 94/94 MP: 11/11
  5622 | D:8      | Reached skill level 5 in Fighting
  5776 | D:8      | Reached skill level 1 in Shields
  6482 | D:9      | Reached skill level 9 in Unarmed Combat
  6694 | D:9      | Noticed a cyclops
  6750 | D:9      | Demolished by a cyclops

Illustrated notes

Levels and vault maps discovered:
D:1:      roderic_dead_forest, layout_basic, minmay_misc_feat_nine_boxes,
          hex_tiny
D:2:      layout_rooms, chequers_serial_rivers_large_a
D:3:      layout_loops_ring, minmay_overflow_temple_hex, st_stairs_8
D:4:      layout_basic, nicolae_overflow_crystal_walls,
          yredelemnul_altar_generic, uniq_menkaure, uniq_edmund
D:5:      layout_cave_pools, first_ration
D:6:      minmay_chambers_of_fours, layout_basic, lemuel_doored_altar,
          uniq_pikel, uniq_eustachio, uniq_prince_ribbit1
D:7:      layout_basic, minmay_temple_entry_grid
D:8:      layout_loops_ring
D:9:      layout_stronghold, david_nohive_1, minmay_misc_feat_tower
Temple:   dshaligram_water_room_temple

Skill      XL: |  1  2  3  4  5  6  7  8  9 10 |
---------------+-------------------------------+-----
Dodging        | 3 4 5 6 |  6.3
Unarmed Combat | 4 5 6 7 8 9 |  9.1
Fighting       | 3 4 5 |  5.2
Throwing       | 2 3 4 |  4.3
Invocations    | 2 3 |  3.8
Armour         | 2 3 |  3.3
Shields        | 2 |  2.2
Stealth        | |  1.9

Action                   |  1- 3 |  4- 6 |  7- 9 | 10-12 || total
-------------------------+-------+-------+-------+-------++-------
Melee: Unarmed           |   125 |   123 |   287 |   134 ||   669
       Punch             |     2 |     1 |    20 |     1 ||    24
Throw: Throwing net      |       |       |     1 |       ||     1
  Use: Scroll            |       |     3 |     2 |       ||     5
       Potion            |       |       |       |     2 ||     2
 Stab: Distracted        |       |     1 |       |     1 ||     2
       Sleeping          |       |     1 |     2 |       ||     3
  Eat: Chunk             |    15 |    10 |    27 |     7 ||    59
Armor: Robe              |    41 |    39 |    97 |    35 ||   212
Dodge: Dodged            |    60 |    77 |   210 |    69 ||   416
Block: Tower shield      |       |       |       |   111 ||   111
